 Dungeon Crawl Stone Soup version 0.26.0-10-g1f06aea511 (console) character file.

Game seed: 10227528081063405968

690 doot the Destroyer (level 7, -3/37 HPs)
             Began as a Tengu Conjurer on Feb 1, 2021.
             Killed from afar by a gnoll (15 damage)
             ... with a bolt of acid
             ... on level 4 of the Dungeon.
             The game lasted 00:06:48 (3632 turns).

doot the Destroyer (Tengu Conjurer)                 Turns: 3632, Time: 00:06:48

Health: -3/37      AC: -2    Str:  8    XL:     7   Next: 63%
Magic:  22/22      EV: 13    Int: 20    God:
Gold:   179        SH:  0    Dex: 12    Spells: 2/13 levels left

rFire    . . .     SeeInvis .   h - +0 dagger
rCold    . . .     Faith    .   (no shield)
rNeg     . . .     Spirit   .   a - +0 robe
rPois    .         Reflect  .   (helmet restricted)
rElec    .         Harm     .   (no cloak)
rCorr    .         Rampage  .   (no gloves)
Will     +....                  (boots unavailable)
Stlth    ++........             (no amulet)
HPRegen  0.12/turn              l - ring of willpower
MPRegen  0.18/turn              m - ring of magical power

@: corroded
A: beak, talons 3, able to fly
a: Fly


You were on level 4 of the Dungeon.
You visited 1 branch of the dungeon, and saw 5 of its levels.

You collected 179 gold pieces.

Inventory:

Hand Weapons
 f - a +0 spear
 h - a +0 dagger (weapon)
Armour
 a - a +0 robe (worn)
Jewellery
 l - a ring of willpower (left hand)
 m - a ring of magical power (right hand)
Scrolls
 b - 4 scrolls of remove curse {unknown}
 e - 10 scrolls of identify {unknown}
 g - a scroll of fear {unknown}
 k - a scroll of enchant weapon {unknown}
 n - a scroll of random uselessness {unknown}
 p - a scroll of teleportation {unknown}
Potions
 c - 2 potions of flight {unknown}
 d - a potion of degeneration {unknown}
 i - a potion of mutation {unknown}
 j - a potion of curing {unknown}
 o - 2 potions of lignification {unknown}
 q - a potion of attraction {unknown}


   Skills:
 + Level 0.6 Fighting
 + Level 0.2 Short Blades
 + Level 2.9 Dodging
 + Level 4.0 Stealth
 + Level 3.9 Spellcasting
 + Level 9.4 Conjurations


You had 2 spell levels left.
You knew the following spells:

 Your Spells              Type           Power        Failure   Level
a - Magic Dart            Conj           100%         1%          1
b - Searing Ray           Conj           82%          1%          2
c - Fulminant Prism       Conj/Hex       11%          19%         4
d - Iskenderun's Mystic   Conj/Tloc      22%          19%         4

Your spell library contained the following spells:

 Spells                   Type           Power        Failure   Level
 Dazzling Flash           Conj/Hex       44%          5%          3


Dungeon Overview and Level Annotations

Branches:
Dungeon (5/15)
 Temple: D:4-7

Altars:
Ashenzari
Cheibriados
Dithmenos
Gozag
Hepliaklqana
Kikubaaqudgha
Uskayaw
Wu Jian
Xom
Zin
The Shining One

Shops:
D:5 *

Annotations:
D:1 1 runed translucent door


Innate Abilities, Weirdness & Mutations

You have a beak for a mouth.
You have claws for feet.
You can fly continuously.


Message History

The searing ray misses the worker ant. (Press . to maintain the ray.)
The searing ray hits the worker ant!
The worker ant is almost dead.
The worker ant waves its antennae.
The searing ray hits the worker ant!
You kill the worker ant!
Unknown command.
e - 10 scrolls labelled VUTTAS VEMASH (gained 1)
You see here a dagger.
You see here 17 arrows.
A gnoll comes into view.
It is wielding a +0 flail and carrying a wand of acid (9).
The gnoll moves out of view.
The gnoll shouts!
There are monsters nearby!
There are monsters nearby!
There are monsters nearby!
The gnoll zaps a wand.
The bolt of acid hits you! The acid corrodes you!
You are splashed with acid!
The gnoll zaps a wand.
The bolt of acid hits you!
You die...

#..# #.# ##..# #..#
#.# #... #..# #.#
##.. #..# #.# #..
#..## ##.# ##..
##..####..# ##†.#
#..>##...# ##...#
##......## ##...##
#.....## ##...##
###.....# ##...##
###..@....####...##
#..._......##...##
##....._.#......##
##.g............##
#..g..8.._..#..##
#..........#####
##..._..._.##
#......_...#
#...##...### #
#....#####
######).#
##......###
####.......#


You could see a gnoll shaman and a gnoll.

Vanquished Creatures
  An ogre (D:5)
  A sky beast (D:5)
  A centaur zombie (D:5)
  2 jellies (D:5)
  2 orc wizards (D:4)
  A bullfrog skeleton (D:5)
  Jessica (D:3)
  3 iguanas
  4 worker ants
  A hound skeleton (D:4)
  3 gnolls (D:4)
  3 adders
  A white imp (D:5)
  2 ufetubi (D:5)
  2 oozes (D:5)
  A worm (D:4)
  2 dart slugs
  4 leopard geckos
  2 orcs
  A bat (D:1)
  A giant cockroach (D:5)
  A goblin (D:1)
  3 hobgoblins (D:1)
  6 jackals
  A quokka (D:3)
  A ball python skeleton (D:5)
  A frilled lizard (D:1)
  4 kobolds
  A leopard gecko skeleton (D:4)
  A rat (D:2)
58 creatures vanquished.

Vanquished Creatures (others)
  A fulminant prism (D:4)
  2 plants (D:3)
3 creatures vanquished.

Grand Total: 61 creatures vanquished

Notes
Turn   | Place    | Note
-------+----------+-------------------------------------------
     0 | D:1      | doot the Tengu Conjurer began the quest for the Orb.
     0 | D:1      | Reached XP level 1. HP: 10/10 MP: 4/4
     1 | D:1      | Found a runed translucent door.
   292 | D:1      | Reached XP level 2. HP: 15/15 MP: 1/6
   430 | D:1      | Reached skill level 6 in Conjurations
   560 | D:2      | Learned a level 2 spell: Searing Ray
   758 | D:2      | Reached XP level 3. HP: 19/19 MP: 4/7
   892 | D:3      | Noticed Jessica
   895 | D:3      | Killed Jessica
   896 | D:3      | Reached skill level 7 in Conjurations
   896 | D:3      | Reached XP level 4. HP: 24/24 MP: 4/8
   901 | D:3      | Learned a level 4 spell: Fulminant Prism
  1402 | D:4      | Gained mutation: You can fly continuously. [Tengu growth]
  1402 | D:4      | Reached XP level 5. HP: 28/28 MP: 4/9
  1734 | D:4      | Found a glowing golden altar of the Shining One.
  1882 | D:4      | Found a glowing silver altar of Zin.
  1883 | D:4      | Found an ornate altar of the Wu Jian Council.
  1885 | D:4      | Found a snail-covered altar of Cheibriados.
  1885 | D:4      | Found an ancient bone altar of Kikubaaqudgha.
  1886 | D:4      | Found a hazy altar of Hepliaklqana.
  1887 | D:4      | Found a hide-covered altar of Uskayaw.
  1888 | D:4      | Found a broken altar of Ashenzari.
  2029 | D:4      | Reached skill level 8 in Conjurations
  2157 | D:4      | Reached XP level 6. HP: 32/32 MP: 4/11
  2182 | D:5      | Entered Level 5 of the Dungeon
  2215 | D:5      | Found a shimmering altar of Xom.
  2410 | D:5      | Noticed a sky beast
  2414 | D:5      | Killed a sky beast
  2429 | D:5      | Found Doel Ihe's Assorted Antiques.
  2806 | D:5      | Reached XP level 7. HP: 37/37 MP: 13/13
  2896 | D:5      | Reached skill level 9 in Conjurations
  2939 | D:5      | Learned a level 4 spell: Iskenderun's Mystic Blast
  2951 | D:5      | Found a shadowy altar of Dithmenos.
  3465 | D:4      | Found an opulent altar of Gozag.
  3632 | D:4      | Killed from afar by a gnoll

Illustrated notes

Levels and vault maps discovered:
D:1:      dpeg_arrival_caged_fury, layout_loops_ring
D:2:      minmay_angry_zag, layout_basic, led_sif_pool, feat_on_display,
          uniq_terence
D:3:      layout_loops_corners, tgw_trog, serial_bayou_crossing, uniq_jessica
D:4:      layout_layer_cave, general_overflow_altar, kennysheep_mini,
          grunt_temple_overflow_open
D:5:      layout_loops_ring, nicolae_overflow_hidden_temple, basic_altar,
          serial_shops, kennysheep_mini_moat

Skill      XL: |  1  2  3  4  5  6  7 |
---------------+----------------------+-----
Conjurations   | 6 7 8 9 |  9.4
Spellcasting   | 3 |  3.9
Stealth        | 3 4 |  4.0
Fighting       | |  0.6
Short Blades   | |  0.2
Dodging        | |  2.9

Action                   |  1- 3 |  4- 6 |  7- 9 || total
-------------------------+-------+-------+-------++-------
Melee: Dagger            |     1 |     2 |     3 ||     6
       Kick              |       |       |     1 ||     1
       Peck              |       |       |     1 ||     1
 Cast: Magic Dart        |    30 |    46 |    13 ||    89
       Searing Ray       |       |    14 |     5 ||    19
       Fulminant Prism   |       |     1 |       ||     1
       Iskenderun's Myst |       |       |     3 ||     3
 Stab: Sleeping          |     1 |       |       ||     1
Armor: Robe              |       |     4 |       ||     4
Dodge: Dodged            |     1 |    16 |     3 ||    20
